Cogmind - Beta 15 @@@ ROGUE MODE // 2025.10.16 @ 22:16:00 Player: YouButSmellier Result: Destroyed by H-71 Marshal with Heavy Mass Driver Performance ------------- Evolutions (5) 2500 Regions Visited (9) 1800 Robots Destroyed (127) 635 Value Destroyed (4303) 4303 Prototype IDs (30) 600 Alien Tech Used (0) 0 Bonus (816) 816 TOTAL SCORE: 10654 Bonus ------- High Alert Combat Kills 34 Follower Combat Kills 142 Entered DSFs 500 Aligned with FarCom 300 Friendly Fire -160 Cogmind --------- Core Integrity 0/1000 Matter 248/300 Energy 89/100 System Corruption 20% Temperature Cool (9) Movement Core (400) Ox7 Location -5/Factory Parts ------- > --- POWER (2) -------- (None) > --- PROPULSION (4) --- (None) > --- UTILITY (9) ------ Large Storage Unit Improved Trap Scanner Advanced Signal Interpreter Advanced Targeting Computer Improved Target Analyzer Improved Target Analyzer > --- WEAPON (2) ------- (None) > --- INVENTORY (15) --- Light Nuclear Core Improved Heat Sink Advanced Heat Sink Improved Target Analyzer Precision Energy Filter Improved Recalibrator Improved Datajack Peak State ------------ > --- POWER ------------ Improved Deuterium Engine Cold Fusion Reactor > --- PROPULSION ------- Carbon-fiber Leg Carbon-fiber Leg VSS Leg Armored Leg > --- UTILITY ---------- Improved Cooling System Large Storage Unit Improved Trap Scanner Advanced Signal Interpreter Transport Network Coupler Advanced Targeting Computer Transmission Jammer Layered Medium Armor Plating Focal Shield > --- WEAPON ----------- Phase Cannon Cooled Plasma Cannon > --- INVENTORY -------- Light Antimatter Reactor Advanced Weight Redist. System Layered Medium Armor Plating Layered Medium Armor Plating Hardlight Generator Relay Coupler [Brawler] High-powered Shock Rifle Gauss Rifle Heavy Machine Gun Heavy Flak Cannon Improved Datajack Great Maul [Rating: 73] Favorites ----------- Power Cold Fusion Reactor Engine Cooled Ion Engine Power Core Micro Fission Core Reactor Cold Fusion Reactor Propulsion Aluminum Leg Leg Aluminum Leg Flight Unit Biomechanical Wings Utility Large Storage Unit Device Improved Trap Scanner Storage Large Storage Unit Processor Transport Network Coupler Protection Layered Medium Armor Plating Weapon Light Assault Rifle Energy Gun Cooled Pulse Rifle Energy Cannon Phase Cannon Ballistic Gun Light Assault Rifle Ballistic Cannon Heavy Flak Cannon Launcher Shock Bomb Launcher Special Weapon Improved Remote Datajack Impact Weapon Great Maul Slashing Weapon Chainsword Special Melee Weapon Improved Datajack Build | -11 -10 -10 -10 -9 -8 -7 -7 -6 -5 ------- Run | Yrd Mat Min Exi Min Mat Fac DSF Fac Fac Slots Evolved 10 | . . . . . 4 2 . 2 2 Power 1 | . . . . . . . . 1 . Propulsion 2 | . . . . . 1 . . . 1 Utility 7 | . . . . . 3 2 . 1 1 Weapon . | . . . . . . . . . . Parts Attached 115 | 6 13 2 . 2 24 2 10 32 24 Power 14 | 1 2 . . . . . 1 5 5 Engine 8 | 1 2 . . . . . 1 1 3 Core 2 | . . . . . . . . . 2 Reactor 4 | . . . . . . . . 4 . Propulsion 20 | 2 3 . . 1 4 . 2 3 5 Treads . | . . . . . . . . . . Leg 19 | 2 3 . . 1 4 . 2 2 5 Wheel . | . . . . . . . . . . Hover . | . . . . . . . . . . Flight 1 | . . . . . . . . 1 . Utility 49 | 1 2 . . . 12 2 6 18 8 Device 21 | . . . . . 5 1 1 11 3 Storage 4 | 1 1 . . . . . . 2 . Processor 9 | . 1 . . . 3 1 1 1 2 Hackware . | . . . . . . . . . . Protection 15 | . . . . . 4 . 4 4 3 Artifact . | . . . . . . . . . . Weapon 32 | 2 6 2 . 1 8 . 1 6 6 Energy Gun 5 | . 1 . . . 2 . . 1 1 Energy Cannon 5 | . . . . . . . 1 3 1 Ballistic Gun 8 | 2 2 1 . . 1 . . 1 1 Ballistic Cannon 2 | . . . . . . . . 1 1 Launcher 5 | . 1 1 . . 2 . . . 1 Special Weapon 1 | . . . . . . . . . 1 Impact Weapon 2 | . . . . . 2 . . . . Slashing Weapon 2 | . 1 . . 1 . . . . . Piercing Weapon . | . . . . . . . . . . Special Melee Weapon 2 | . 1 . . . 1 . . . . Unidentified Prototypes 7 | . 1 . . . 1 . . 5 . Parts Lost 56 | . 1 1 . . 3 . 4 10 37 Power 10 | . . . . . . . 1 1 8 Propulsion 13 | . . . . . 2 . 1 2 8 Utility 18 | . . . . . . . 1 6 11 Weapon 15 | . 1 1 . . 1 . 1 1 10 Highest Loss Streak 13 | . 1 1 . . 2 . 2 3 13 To Critical Strikes . | . . . . . . . . . . Average Backups 11 | . 7 11 11 11 11 13 12 13 10 Power . | . 1 1 1 1 1 1 . 1 . Propulsion . | . 1 3 3 2 . 1 . . . Utility 5 | . 2 4 5 5 6 6 7 6 3 Weapon 4 | . 1 2 1 1 2 4 3 5 5 Tool/Special . | . . . . . . . . . . Unused Backups 19 | . 2 . . . 7 . 1 2 7 Power 4 | . 2 . . . . . . 1 1 Propulsion . | . . . . . . . . . . Utility 14 | . . . . . 7 . 1 1 5 Weapon . | . . . . . . . . . . Tool/Special 1 | . . . . . . . . . 1 Average Slot Usage (%) 92 | . 95 99 100 100 98 96 99 92 81 Engine 6 | . 14 14 14 14 8 7 6 . 2 Reactor 4 | . . . . . . . . 11 5 Leg 19 | . 28 28 28 28 27 23 22 13 8 Device 11 | . . . . . 8 15 7 17 17 Storage 8 | . 14 14 14 14 9 7 7 6 5 Processor 16 | . 9 14 14 14 16 11 22 15 20 Protection 7 | . . . . . 10 15 14 11 3 Energy Cannon 2 | . . . . . . . 5 3 3 Ballistic Gun 7 | . 23 27 28 15 3 . . . 3 Launcher 1 | . . . . 8 5 7 5 . . Impact Weapon 2 | . . . . . 2 7 3 3 2 Slashing Weapon 1 | . . . . 3 6 . . . . Peak Build Rating 73 | 6 11 12 14 17 31 34 40 69 73 Average Rating 40 | 4 9 11 12 14 26 33 38 57 61 On Entrance 22 | . 6 11 12 14 17 29 34 39 66 Naked Turns . | . . . . . . . . . . Heaviest Build 81 | 12 31 30 30 32 53 53 60 78 81 Greatest Support 61 | 20 20 20 20 20 41 41 41 43 61 Greatest Overweight (x) 16 | 1 1 1 1 1 1 1 2 3 16 Average Overweight (x) 1 | . . 1 1 1 . 1 1 1 2 Largest Inventory Capacity 15 | 8 15 15 15 15 15 15 15 15 15 Average Capacity 14 | 7 11 15 15 15 15 15 15 15 15 Most Carried 15 | 2 11 13 15 15 15 14 14 15 13 Average Carried 12 | . 7 11 13 14 13 13 12 14 10 Final Capacity 15 | 8 15 15 15 15 15 15 15 15 15 Final Carried 15 | 2 11 13 15 15 15 13 12 14 7 Class Distribution -------------------- 45% | Mutant 17% | Scavenger-Mutant 12% | Assassin 7% | Skirmisher 6% | Scavenger-Skirmisher 5% | Infiltrator-Mutant 5% | Scavenger-Assassin Dominant Class ---------------- Mutant | -10/Materials Mutant | -10/Mines Mutant | -10/Exiles Mutant | -9/Mines Mutant | -8/Materials Mutant | -7/Factory Mutant | -7/DSF Assassin | -6/Factory Scavenger-Mutant | -5/Factory Resources | -11 -10 -10 -10 -9 -8 -7 -7 -6 -5 ----------- Run | Yrd Mat Min Exi Min Mat Fac DSF Fac Fac Matter Collected 3503 | 247 262 102 . 130 391 . 307 1044 1020 Remotely . | . . . . . . . . . . Salvage Created 5287 | . 417 48 . 84 709 . 488 1530 2011 Parts 230 | . 31 10 . 4 34 . 19 38 94 Haulers Intercepted 7 | . 1 . . . 2 . . 3 1 Recyclers Shooed 8 | . 1 . . . . . . 3 4 Parts Field Recycled . | . . . . . . . . . . Retrieved Matter . | . . . . . . . . . . Parts Self-Destructed . | . . . . . . . . . . Prevented . | . . . . . . . . . . Kills | -11 -10 -10 -10 -9 -8 -7 -7 -6 -5 ------- Run | Yrd Mat Min Exi Min Mat Fac DSF Fac Fac Combat Hostiles Destroyed 88 | . 11 6 . . 5 . 16 17 33 Melee 6 | . . . . . 4 . . 2 . Guns 25 | . 9 4 . . . . . 5 7 Cannons 34 | . . . . . . . 1 9 24 AOE 17 | . 2 2 . . 1 . 11 . 1 Classes Destroyed 15 | . 5 . . 1 3 . . 3 3 Worker 6 | . . . . . . . . 2 4 Builder 4 | . . . . . . . . 4 . Hauler 7 | . 1 . . . 2 . . 3 1 Recycler 13 | . . . . 1 5 . . 3 4 Mechanic 1 | . . . . . . . . . 1 Operator 2 | . 1 . . . 1 . . . . Watcher 5 | . 2 . . . . . . 1 2 Swarmer 36 | . 3 6 . . . . 10 4 13 Grunt 18 | . 8 . . . . . . 4 6 Brawler 1 | . . . . . . . . . 1 Sentry 6 | . . . . . 3 . . 2 1 Specialist 7 | . . . . . 1 . 6 . . Hunter 2 | . . . . . . . . . 2 Programmer 17 | . . . . . . . . 7 10 Heavy 1 | . . . . . 1 . . . . Thug 1 | . . . . . 1 . . . . Best Kill Streak 6 | . 5 3 . 1 2 . 4 5 6 Combat Bots Only 5 | . 5 3 . . 1 . 4 5 5 Max Kills in Single Turn 3 | . 1 2 . 1 1 . 3 1 3 Gunslinging . | . . . . . . . . . . Exploded 3 | . 1 1 . . 1 . 3 . 1 Melee 1 | . . . . . 1 . . 1 . Uniques/NPCs Destroyed . | . . . . . . . . . . Combat | -11 -10 -10 -10 -9 -8 -7 -7 -6 -5 -------- Run | Yrd Mat Min Exi Min Mat Fac DSF Fac Fac Hostile Shots Fired 804 | . 53 26 . . 54 . 99 230 342 Missed 229 | . 12 5 . . 13 . 45 74 80 Hits 575 | . 41 21 . . 41 . 54 156 262 Melee 2 | . . . . . . . . . 2 Projectile 573 | . 41 21 . . 41 . 54 156 260 AOE 2 | . . . . . 1 . . . 1 Critical Strikes 27 | . . . . . 3 . . 8 16 Part Disruptions 1 | . . . . . . . . 1 . Damage Taken 9863 | . 507 159 . 22 712 . 1064 2391 5008 Core 1855 | . 85 44 . . 81 . 166 437 1042 Absorbed by Shields . | . . . . . . . . . . Redirected to Shielding 137 | . . . . . 71 . 66 . . Ignored by Resistances 54 | . . . . . . . . 39 15 Regen/Repaired (Parts) 51 | . . . . . 51 . . . . Core Remaining (%) 71 | 100 . . . 48 85 . 76 48 . Volleys Fired 254 | . 45 12 . . 2 . 5 61 129 Largest 2 | . 2 2 . . 2 . 2 2 2 Hottest 145 | . 70 50 . . 72 . 116 120 145 Shots Fired 468 | . 88 15 . . 3 . 10 120 232 Gun 233 | . 82 13 . . . . . 45 93 Cannon 214 | . . . . . . . 3 74 137 Launcher 21 | . 6 2 . . 3 . 7 1 2 Special . | . . . . . . . . . . Kinetic 197 | . 68 13 . . . . . 8 108 Thermal 228 | . 14 . . . . . 3 103 108 Explosive 15 | . 6 2 . . 1 . 5 1 . Electromagnetic 28 | . . . . . 2 . 2 8 16 Robot Hit Streak 13 | . 11 4 . . 4 . 6 13 9 Robot Miss Streak 8 | . 3 2 . . . . 1 5 8 Penetration Max 1 | . . . . . . . . 1 1 Secondary Targets 2 | . 1 . . . . . . . 1 Max Gunslinging Chain 1 | . 1 . . . . . . . 1 Shots Hit Robots 398 | . 59 10 . 1 35 . 21 123 149 Core Hits 206 | . 32 9 . 1 12 . 16 40 96 Critical Kills 4 | . 1 . . . . . . . 3 Critical Parts Destroyed 18 | . 1 . . . . . 2 7 8 Critical Strikes 22 | . 2 . . . . . 2 7 11 Destroy 10 | . 2 . . . . . . . 8 Smash 12 | . . . . . . . 2 7 3 Melee Attacks 222 | . . 3 . 1 85 . 24 73 36 Impact 131 | . . . . . 16 . 24 56 35 Slashing 68 | . . 3 . 1 64 . . . . Piercing . | . . . . . . . . . . Sneak Attacks 45 | . . . . 1 19 . . 25 . Combat Hostiles 1 | . . . . . 1 . . . . Follow-up Attacks . | . . . . . . . . . . Damage Inflicted 13326 | . 715 208 . 84 1573 . 1500 4201 5045 Guns 2646 | . 516 72 . . . . . 771 1287 Cannons 4761 | . . . . . . . 49 1710 3002 Explosions 1541 | . 171 136 . . 17 . 830 50 337 Melee 4326 | . . . . 84 1556 . 621 1647 418 Ramming 52 | . 28 . . . . . . 23 1 Kinetic 2664 | . 389 72 . . . . . 235 1968 Thermal 4873 | . 127 . . . . . 155 2076 2515 Explosive 946 | . 171 136 . . . . 639 . . Electromagnetic 465 | . . . . . 17 . 85 220 143 Impact 2934 | . . . . . 248 . 621 1647 418 Slashing 1392 | . . . . 84 1308 . . . . Piercing . | . . . . . . . . . . Highest Corruption 20 | . 2 2 2 2 . . . 12 20 Average Corruption 6 | . 2 2 2 2 . . . 7 9 Corruption Purged 5 | . . . . . . . . 5 . Corruption Blocked . | . . . . . . . . . . Effects 208 | . 2 17 13 7 . . . 98 71 Message Errors 46 | . . 4 1 1 . . . 18 22 Matter Fused 41 | . . 4 5 1 . . . 17 14 Heat Flow Errors 17 | . 1 2 1 . . . . 6 7 Energy Discharges 39 | . 1 5 4 4 . . . 18 7 Parts Rejected 3 | . . . . . . . . 1 2 Parts Fused 2 | . . . . . . . . 1 1 Data Loss (minor) 28 | . . 1 1 1 . . . 19 6 Data Loss (major) 10 | . . . 1 . . . . 5 4 Misfires 10 | . . 1 . . . . . 4 5 Alerts 7 | . . . . . . . . 7 . Weapon Failures 5 | . . . . . . . . 2 3 Overload Shots . | . . . . . . . . . . Overflow Damage 1730 | . . . . . 158 . 227 975 370 Projectiles 220 | . . . . . . . 19 154 47 Explosions 165 | . . . . . . . 39 . 126 Melee 1345 | . . . . . 158 . 169 821 197 Knockbacks 24 | . . . . . . . 4 6 14 Impact 12 | . . . . . . . 4 6 2 Kinetic 11 | . . . . . . . . . 11 Secondary 1 | . . . . . . . . . 1 Self-Inflicted Damage 377 | . 28 . . . 29 . 83 237 . Shots 10 | . 2 . . . 2 . 3 3 . Rammed . | . . . . . . . . . . Targets Rammed 11 | . 7 . . . . . . 3 1 Kicked 11 | . 7 . . . . . . 3 1 Crushed . | . . . . . . . . . . Highest Temperature 1636 | . 206 111 258 . 8 . 1636 266 431 Average Temperature 139 | . 30 40 133 . 4 . 630 85 86 Received Heat Transfer 1092 | . 198 . . . 144 . 9 252 489 Effects 20 | . . . . . . . 17 . 3 Shutdowns 7 | . . . . . . . 5 . 2 Matter Decay 1 | . . . . . . . . . 1 Short Circuit 2 | . . . . . . . 2 . . Damage (major) 9 | . . . . . . . 9 . . Damage (core) 1 | . . . . . . . 1 . . Siege Activations . | . . . . . . . . . . Martial Activations . | . . . . . . . . . . Shielding Activations . | . . . . . . . . . . Robots Disrupted . | . . . . . . . . . . Combat Hostiles . | . . . . . . . . . . Robots Corrupted 8 | . . . . . . . 3 5 . Combat Hostiles 4 | . . . . . . . 3 1 . Parts Fried 17 | . . . . . 2 . 1 14 . Impact Corruptions 43 | . . . . . 2 . 5 28 8 Robots Melted 2 | . . . . . . . 1 . 1 Combat Hostiles 2 | . . . . . . . 1 . 1 Parts Melted 26 | . . . . . . . 7 12 7 Heat Transferred 6754 | . 370 . . . . . 250 3208 2926 Parts Sabotaged . | . . . . . . . . . . Parts Stolen . | . . . . . . . . . . Parts Stripped . | . . . . . . . . . . Power Chain Reactions 1 | . . . . . . . 1 . . Alert | -11 -10 -10 -10 -9 -8 -7 -7 -6 -5 ------- Run | Yrd Mat Min Exi Min Mat Fac DSF Fac Fac Maximum Alert Level 2 | . . . . . 1 . 2 1 2 Low Security (%) 84 | 100 100 100 . 100 91 100 20 81 81 Level 1 15 | . . . . . 8 . 76 18 18 Level 2 . | . . . . . . . 3 . . Level 3 . | . . . . . . . . . . Level 4 . | . . . . . . . . . . Level 5 . | . . . . . . . . . . High Security . | . . . . . . . . . . Max Security . | . . . . . . . . . . Sterilizations 1 | . . . . . . . 1 . . Peak Influence 498 | . 197 134 . 5 224 81 498 374 417 Initial 261 | . . . . . . 76 56 261 180 Average 100 | . 67 30 . . 108 76 220 87 138 Influence Increases 3651 | . 351 166 . 5 538 5 482 877 1227 Destroy 0b10 Robot/C 1880 | . 220 120 . . 180 . 320 380 660 Destroy 0b10 Robot/NC 190 | . 20 . . 5 40 . . 65 60 Destroy Leader 434 | . 56 20 . . 64 . 50 128 116 Allied During Kill 21 | . . . . . 14 . . 7 . Trap Triggered on 0b10 20 | . . . . . . . 10 . 10 Successful Hack 71 | . 14 . . . 6 5 . 46 . Disable Machine 180 | . 15 . . . . . 15 75 75 Anti-Garrison Action 150 | . . . . . 150 . . . . Destroy Structure 405 | . 26 11 . . 54 . 42 86 186 Partial Spotted 45 | . . . . . 15 . . 30 . Lose Combat Pursuer 255 | . . 15 . . 15 . 45 60 120 Influence Decreases 3323 | . 351 114 52 5 370 92 65 1006 1268 Entered New Map 595 | . . . 52 . . 92 25 237 189 Time Decay 2152 | . 324 114 . 5 320 . . 680 709 Lost Part 482 | . 10 . . . 10 . 40 52 370 Lost Ally 77 | . . . . . 40 . . 37 . Purge Threat 17 | . 17 . . . . . . . . Squads Dispatched 32 | . 2 . . . 8 . 4 12 6 Investigation 4 | . 1 . . . 1 . . 2 . Extermination 13 | . . . . . . . . 9 4 Reinforcement 13 | . 1 . . . 5 . 4 1 2 Assault 2 | . . . . . 2 . . . . Garrison . | . . . . . . . . . . Intercept . | . . . . . . . . . . Searches Triggered . | . . . . . . . . . . Construction Impeded . | . . . . . . . . . . Haulers Reinforced 1 | . . . . . . . . . 1 Active Scanning Responses . | . . . . . . . . . . Cargo Convoy Interrupts 1 | . . . . . . . . . 1 Stealth | -11 -10 -10 -10 -9 -8 -7 -7 -6 -5 --------- Run | Yrd Mat Min Exi Min Mat Fac DSF Fac Fac Distress Signals 7 | . . . . . 3 . . 1 3 Communications Jammed 48 | . . . . . . . . 1 47 Distress Signals 48 | . . . . . . . . 1 47 Times Spotted 134 | . 22 8 . . 14 . 17 23 50 Peak Tracking Total 8 | . 5 3 . . 3 . 4 5 8 Tactical Retreats 13 | . . 1 . . 1 . 3 2 6 Traps | -11 -10 -10 -10 -9 -8 -7 -7 -6 -5 ------- Run | Yrd Mat Min Exi Min Mat Fac DSF Fac Fac Traps Triggered 5 | . 2 . . 1 . . 1 1 . Indirectly . | . . . . . . . . . . Trap Hack Attempts 47 | . 34 . . . . . 2 8 3 Triggered . | . . . . . . . . . . Disarmed 1 | . . . . . . . . . 1 Reprogrammed 6 | . 1 . . . . . 1 3 1 Reused 2 | . . . . . . . 1 . 1 Traps Extracted . | . . . . . . . . . . Installed . | . . . . . . . . . . Triggered 2 | . . . . . . . 1 . 1 Machines | -11 -10 -10 -10 -9 -8 -7 -7 -6 -5 ---------- Run | Yrd Mat Min Exi Min Mat Fac DSF Fac Fac Machines Disabled 13 | . 1 . . . 1 . 1 5 5 Max in Single Turn 3 | . 1 . . . 1 . 1 2 3 Garrison Access 1 | . . . . . 1 . . . . Machines Repaired . | . . . . . . . . . . Machines Dismantled . | . . . . . . . . . . Machines Sabotaged . | . . . . . . . . . . Overloaded Fab Kills . | . . . . . . . . . . Hacking | -11 -10 -10 -10 -9 -8 -7 -7 -6 -5 --------- Run | Yrd Mat Min Exi Min Mat Fac DSF Fac Fac Machines Accessed 32 | . 5 . 1 2 7 1 . 13 3 Terminals 18 | . 5 . . . 4 1 . 7 1 Fabricators 3 | . . . . . . . . 2 1 Repair Stations 1 | . . . . . 1 . . . . Recycling Units 2 | . . . . . . . . 1 1 Scanalyzers 3 | . . . . . 1 . . 2 . Garrison Access 2 | . . . . . 1 . . 1 . Total Hacks 66 | . 13 . 1 2 21 1 . 23 5 Successful 25 | . 4 . 1 2 10 1 . 6 1 Failed 41 | . 9 . . . 11 . . 17 4 Catastrophic 10 | . 2 . . . 3 . . 4 1 Database Lockouts . | . . . . . . . . . . Manual 34 | . 12 . 1 1 8 . . 11 1 Terminals 44 | . 13 . . . 14 1 . 15 1 Fabricators 3 | . . . . . . . . 2 1 Repair Stations 2 | . . . . . 2 . . . . Recycling Units 5 | . . . . . . . . 2 3 Scanalyzers 6 | . . . . . 3 . . 3 . Garrison Access 3 | . . . . . 2 . . 1 . Terminal Hacks 17 | . 4 . 1 2 6 1 . 3 . Record 3 | . . . . . 2 . . 1 . Open Door 2 | . . . . 2 . . . . . Open DSF 2 | . . . . . . 1 . 1 . Branch Access Points 1 | . 1 . . . . . . . . Terminal Index 1 | . . . . . 1 . . . . Alert Level 2 | . . . . . 2 . . . . Unreport Threat 1 | . 1 . . . . . . . . Locate Traps 2 | . 1 . . . 1 . . . . Hauler Manifests 2 | . 1 . . . . . . 1 . Proto ID Catalog 1 | . . . 1 . . . . . . Fabricator Hacks 3 | . . . . . . . . 2 1 Network Status 1 | . . . . . . . . . 1 Build 2 | . . . . . . . . 2 . Repair Station Hacks 2 | . . . . . 2 . . . . Scan Component 1 | . . . . . 1 . . . . Repair 1 | . . . . . 1 . . . . Recycling Unit Hacks . | . . . . . . . . . . Scanalyzer 3 | . . . . . 2 . . 1 . Insert Component 2 | . . . . . 1 . . 1 . Analyze 1 | . . . . . 1 . . . . Garrison Access Hacks . | . . . . . . . . . . Unauthorized Hacks . | . . . . . . . . . . Terminals . | . . . . . . . . . . Fabricators . | . . . . . . . . . . Repair Stations . | . . . . . . . . . . Recycling Units . | . . . . . . . . . . Scanalyzers . | . . . . . . . . . . Garrison Access . | . . . . . . . . . . Data Cores Recovered . | . . . . . . . . . . Used . | . . . . . . . . . . Hacking Detections 27 | . 5 . . . 7 . . 12 3 Full Trace Events 3 | . . . . . 1 . . 2 . Feedback Events . | . . . . . . . . . . Feedback Blocked . | . . . . . . . . . . Robot Schematics Acquired . | . . . . . . . . . . Robots Built 3 | . . . . . . . . 3 . Authchips . | . . . . . . . . . . Time 134 | . . . . . . . . 134 . Total Robot Build Rating 12 | . . . . . . . . 12 . Part Schematics Acquired . | . . . . . . . . . . Parts Built 2 | . . . . . . . . 2 . Authchips . | . . . . . . . . . . Time 47 | . . . . . . . . 47 . Total Part Build Rating 10 | . . . . . . . . 10 . Parts Repaired 1 | . . . . . 1 . . . . Time 51 | . . . . . 51 . . . . Parts Recycled . | . . . . . . . . . . Recycled Matter . | . . . . . . . . . . Retrieved Matter . | . . . . . . . . . . Retrieved Components . | . . . . . . . . . . Parts Scanalyzed 2 | . . . . . 1 . . 1 . Part Schematics Acquired . | . . . . . . . . . . Parts Damaged . | . . . . . . . . . . Bothacking | -11 -10 -10 -10 -9 -8 -7 -7 -6 -5 ------------ Run | Yrd Mat Min Exi Min Mat Fac DSF Fac Fac Used RIF Installer . | . . . . . . . . . . Robots Hacked 12 | . . . . . 2 . . 9 1 Non-combat 11 | . . . . . 2 . . 9 . Combat 1 | . . . . . . . . . 1 Robot Hacks Applied 17 | . . . . . 4 . . 12 1 parse_system 1 | . . . . . . . . . 1 no_distress 7 | . . . . . 3 . . 4 . find_chute 5 | . . . . . . . . 5 . find_fabricator 1 | . . . . . . . . 1 . find_recycling 2 | . . . . . . . . 2 . check_alert 1 | . . . . . 1 . . . . Relay Couplers Released 4 | . . . . . 4 . . . . Machine Destruction 4 | . . . . . 4 . . . . Fabnet Peak Effective % . | . . . . . . . . . . Robots Rewired . | . . . . . . . . . . Allies Hacked . | . . . . . . . . . . Hacks Repelled . | . . . . . . . . . . Allies | -11 -10 -10 -10 -9 -8 -7 -7 -6 -5 -------- Run | Yrd Mat Min Exi Min Mat Fac DSF Fac Fac Total Allies 4 | . . . . 1 . . . 3 . Largest Group 3 | . . . . 1 . . . 3 . Highest-Rated Group 90 | . . . . 31 . . . 90 . Highest-Rated Ally 31 | . . . . 31 . . . 30 . Initial Warlord ECA Mod 17 | . . . . . . . . 9 8 Total Orders 2 | . . . . . . . . 2 . ROAM 2 | . . . . . . . . 2 . Ally Attacks 32 | . . . . . 26 . . 6 . Total Damage 1460 | . . . . . 1311 . . 149 . Kills 6 | . . . . . 4 . . 2 . Allies Corrupted . | . . . . . . . . . . Allies Melted 1 | . . . . . 1 . . . . Turrets Deployed 3 | . . . . . 3 . . . . Intel | -11 -10 -10 -10 -9 -8 -7 -7 -6 -5 ------- Run | Yrd Mat Min Exi Min Mat Fac DSF Fac Fac Active Infowar (turns) 10787 | . . . . . 2903 12 701 4190 2981 Terrain 683 | . . . . . 683 . . . . Traps 5216 | . . . . . . . . 2383 2833 T.N.C. 9305 | . . . . . 2902 12 701 4190 1500 Triangulation 1037 | . . . . . . . . 1037 . Jamming 5036 | . . . . . . . . 3268 1768 Robot Analysis Total . | . . . . . . . . . . Derelict Logs Recovered 2 | . . 2 . . . . . . . Drone Launches . | . . . . . . . . . . Drone Recoveries . | . . . . . . . . . . Exploration | -11 -10 -10 -10 -9 -8 -7 -7 -6 -5 ------------- Run | Yrd Mat Min Exi Min Mat Fac DSF Fac Fac Turns Passed 14498 | 72 1069 851 882 654 2905 12 701 4190 3162 Spaces Moved 5083 | 46 541 404 463 333 1168 6 196 1162 764 Core 221 | 2 . . . . . . . . 219 Treads . | . . . . . . . . . . Legs 4862 | 44 541 404 463 333 1168 6 196 1162 545 Wheels . | . . . . . . . . . . Hover . | . . . . . . . . . . Flight . | . . . . . . . . . . Fastest Speed 50 | 50 120 190 190 190 120 186 183 180 187 Average Speed 199 | 135 149 190 190 190 161 186 184 242 248 Slowest Speed 850 | 190 190 190 190 190 190 186 265 360 850 Overloaded Moves . | . . . . . . . . . . Propulsion Burnouts . | . . . . . . . . . . Robots Hopped . | . . . . . . . . . . Potential Cave-ins . | . . . . . . . . . . Cave-ins Triggered . | . . . . . . . . . . Exploration Rate (%) 55 | 3 72 89 89 82 51 . 78 22 14 Regions Visited 9 Branch Regions 3 Pre-discovered Areas . | . . . . . . . . . . Known Exits Taken 4 | . 1 . . . 1 1 . 1 . Unknown Exits Taken 4 | 1 . 1 1 1 . . . . . Scrap Searched 4 | . . 2 . 2 . . . . . Spaces Dug 118 | . . . . . 41 . 4 35 38 Terrain Destroyed 347 | . 48 11 . . 57 . 45 95 91 Melee 94 | . . . . . 41 . 4 25 24 Projectile 47 | . . . . . . . . 16 31 AOE 206 | . 48 11 . . 16 . 41 54 36 Terrain Rammed . | . . . . . . . . . . Walls Destroyed . | . . . . . . . . . . Machines Disabled . | . . . . . . . . . . Actions | -11 -10 -10 -10 -9 -8 -7 -7 -6 -5 --------- Run | Yrd Mat Min Exi Min Mat Fac DSF Fac Fac Total 8604 | 53 723 467 466 353 2061 7 472 2284 1718 Wait 2562 | . 51 42 . 10 710 . 212 826 711 Move 5074 | 45 540 403 462 332 1167 5 195 1161 764 Hop . | . . . . . . . . . . Pick Up 103 | 2 18 1 3 3 29 . 4 28 15 Fast Attach 40 | 6 5 1 . . 4 . 3 11 10 Attach 63 | . 2 . . . 14 2 4 19 22 Detach 14 | . . . . . 4 . 1 8 1 Swap 142 | . 9 5 . 4 22 . 13 64 25 Drop 67 | . 12 . 1 3 24 . 4 22 1 Fire 254 | . 45 12 . . 2 . 5 61 129 Melee 222 | . . 3 . 1 85 . 24 73 36 Ram . | . . . . . . . . . . Kick 11 | . 7 . . . . . . 3 1 Crush . | . . . . . . . . . . Escape Stasis 5 | . . . . . . . 5 . . Rewire . | . . . . . . . . . . Trap 47 | . 34 . . . . . 2 8 3 Miscellaneous . | . . . . . . . . . . Route ------- -11/Scrapyard -10/Materials (discovered 3 exits: [*Mat x2] / *Min) -10/Mines (discovered 4 exits: [*Mat x2] / *Exi / [*Sub]) -10/Exiles (discovered 2 exits: *Min x2) -9/Mines -8/Materials (discovered 3 exits: *Fac x3) -7/Factory -7/DSF -6/Factory -5/Factory History --------- Turn | Location | Event 26 | -11/Scrapyard | Discovered new exit (range 14) 73 | -11/Scrapyard | Entered Materials 306 | -10/Materials | Build established: Mutant 315 | -10/Materials | Discovered new exit (range 13) 582 | -10/Materials | Identified exit to Mines 614 | -10/Materials | Discovered new exit (range 3) 1142 | -10/Materials | Entered Mines 1180 | -10/Mines | Met a Derelict bent on vengeance 1197 | -10/Mines | Found DCF Scrap (13 items) 1290 | -10/Mines | Learned Materials emergency access door positions 1390 | -10/Mines | Discovered new exit (range 9) 1653 | -10/Mines | Learned 2 Materials zone layouts 1669 | -10/Mines | Discovered new exit (range 6) 1696 | -10/Mines | Core integrity fell below 50% 1783 | -10/Mines | Found a Scrap Suit stashed away for nefarious purposes 1787 | -10/Mines | Found Scrap Suit 1879 | -10/Mines | Discovered new exit (range 5) 1985 | -10/Mines | Deemed a non-threat by the Exiles lab entrance 1985 | -10/Mines | Discovered new exit (range 5) 1993 | -10/Mines | Entered Exiles 2037 | -10/Exiles | Discovered new exit (range 15) 2087 | -10/Exiles | Met 8R-AWN 2121 | -10/Exiles | Met EX-HEX 2195 | -10/Exiles | Met EX-DEC 2259 | -10/Exiles | Visited The Gauntlet 2575 | -10/Exiles | Met EX-BIN 2601 | -10/Exiles | Aligned with FarCom system 2603 | -10/Exiles | Given EX-Vault access code 2647 | -10/Exiles | Opened EX-Vault 2666 | -10/Exiles | Found Deploy-a-Sentry 2669 | -10/Exiles | Found Deploy-a-Sentry 2672 | -10/Exiles | Found Deploy-a-Sentry 2713 | -10/Exiles | Warned to stay clear of 0b10 Research branches 2852 | -10/Exiles | Discovered new exit (range 14) 2875 | -10/Exiles | Left Exiles lab with Deploy-a-Sentry 2875 | -10/Exiles | Entered Mines 2878 | -9/Mines | Received a Mining Laser from a helpful Derelict 2953 | -9/Mines | Found a hidden stash of uninstalled traps 3342 | -9/Mines | Met a Derelict who couldn't figure out how to use a Trap Extractor 3465 | -9/Mines | Discovered new exit (range 9) 3479 | -9/Mines | Found the Drone Emporium 3529 | -9/Mines | Entered Materials 3529 | -8/Materials | Evolved 4 slots: Propulsion x1, Utility x3 3530 | -8/Materials | Identified exit to Factory 3838 | -8/Materials | Build established: Assassin 3849 | -8/Materials | Repaired Cld. Ion Engine 4471 | -8/Materials | Build established: Mutant 4566 | -8/Materials | DAS Turret deployed 4958 | -8/Materials | DAS Turret deployed 5038 | -8/Materials | DAS Turret deployed 5039 | -8/Materials | Discovered exit to Factory (range 4) 6280 | -8/Materials | Discovered exit to Factory (range 15) 6434 | -8/Materials | Entered Factory 6434 | -7/Factory | Evolved 2 slots: Utility x2 6444 | -7/Factory | Identified exit to DSF 6446 | -7/Factory | Entered DSF 6503 | -7/DSF | Additional patrols routed to DSF 7016 | -7/DSF | Sterilization system engaged 7036 | -7/DSF | Ambient heat levels rising (+10) 7051 | -7/DSF | Ambient heat levels rising (+10) 7066 | -7/DSF | Ambient heat levels rising (+10) 7081 | -7/DSF | Ambient heat levels rising (+10) 7096 | -7/DSF | Ambient heat levels rising (+10) 7111 | -7/DSF | Ambient heat levels rising (+10) 7116 | -7/DSF | Discovered new exit (range 16) 7126 | -7/DSF | Ambient heat levels rising (+10) 7141 | -7/DSF | Ambient heat levels rising (+10) 7147 | -7/DSF | Entered Factory 7147 | -6/Factory | Evolved 2 slots: Power x1, Utility x1 7276 | -6/Factory | Fabricated Imp. Cryofiber Web (x2) 7456 | -6/Factory | Build established: Scavenger-Mutant 7688 | -6/Factory | Fabricated L-41 Fighter (x3) 8135 | -6/Factory | Lost 3 parts (1n2u) 8410 | -6/Factory | Build established: Infiltrator-Mutant 9500 | -6/Factory | Build established: Skirmisher 9828 | -6/Factory | Build established: Assassin 10533 | -6/Factory | System corruption reached 10% 10732 | -6/Factory | Core integrity fell below 50% 11261 | -6/Factory | Discovered new exit (range 12) 11295 | -6/Factory | Identified exit to Factory 11337 | -6/Factory | Entered another Factory area 11337 | -5/Factory | Evolved 2 slots: Propulsion x1, Utility x1 11941 | -5/Factory | Build established: Scavenger-Skirmisher 12064 | -5/Factory | Lost 5 parts (3n2u) 12743 | -5/Factory | Build established: Scavenger-Assassin 12899 | -5/Factory | Lost 6 parts (1p1n3u1w) 13256 | -5/Factory | Build established: Scavenger-Mutant 13477 | -5/Factory | System corruption reached 10% 14129 | -5/Factory | Cargo convoy interrupted 14348 | -5/Factory | Core integrity fell below 50% 14356 | -5/Factory | Lost 3 parts (1p1u1w) 14492 | -5/Factory | Core integrity fell below 20% 14499 | -5/Factory | Destroyed by H-71 Marshal with Heavy Mass Driver Last Messages --------------- 14493_ K-01 Serf collects debris. 14494_ Wall collapses. 14495_ U-05 Engineer builds a Door. 14495_ U-05 Engineer builds a Wall. 14495_ R-10 Processor collects Adv. Weight Redist. System. 14495_ U-05 Engineer builds a Wall. 14496_ K-01 Serf collects debris. 14497_ Slug penetrates Wall. 14497_ Phase Cannon destroyed. 14497_ Slug penetrates Wall. 14497_ Mic. Fission Core destroyed. 14497_ Imp. Recalibrator destroyed. 14497_ K-01 Serf collects debris. 14499_ R-10 Processor collects Visual Processing Unit. 14499_ Penetrated by Slug. 14499_ Great Maul destroyed. 14499_ Critical hit (Blast). [Achievement: 10k Club] Map ----- +----------------------------------------------------+ | + # """"" ! | | # # """"""" | | # ###+############ # """"""" | | #### # #?# # """"""" | | # """" """" #?# # | | # """" """" ### ############# | | # """" """" ?+ ############# | | # """" """"???## ! # | | # ????# # """ """ "" | | ########### # """" """"????# # """ """ "" | | = #??# # ???" """"????# # """ """ "" | | """ ##?" # ?"?" ""??????# %%#=!= | | Y" ##"T # """" ""??????# [=+ !% | | """ ##?# # ??????# =%###"######### | | #??# # ! ??????# % #??##???????? | | ##?? #############??# #???????????? | | """ ##?? # [ ; #### #???????????? | | """ ##???? [##% # %#######?????? | | """ %##???? [hu/*= # ?? | | """ ##??? !#= !! + ? | | ##??? u# # ? | | ##?? ;; % ; | | #########??? ;; k ! # ? | | ?????####????+##;;; % %R;; g ? | | ??????????? %! ! % ; ? | | ??????????????""" #= @ = ; H ?? | | ???????????????""???#! % k ; #?? | | ????????????????????# ; ??? | | ????????????????????# ! t ; ??? | | ????????????????????###;;;;;;;;#u #????? | | ??????????????????????########## #### #??????? | | ???????????????????????? ?? ]# #???????????? | | ???????????????????????? ?? # #???????????? | | ??????????????????????? ?? + #???????????? | | ??????????????????????? "??" #? #???????????? | | ??????????????????????# "??" #?? #???????????? | | ??????????????????????? "??? #?????????????????? | | ??????????????????????? ???? ]#?????????????????? | | ??????????????????????? ?????? ??????????????????? | | ?????????????????????????????????????????????????? | | ?????????????????????????????????????????????????? | | ?????????????????????????????????????????????????? | | ?????????????????????????????????????????????????? | | ?????????????????????????????????????????????????? | | ?????????????????????????????????????????????????? | | ?????????????????????????????????????????????????? | | ?????????????????????????????????????????????????? | | ?????????????????????????????????????????????????? | | ?????????????????????????????????????????????????? | | ?????????????????????????????????????????????????? | +----------------------------------------------------+ Best States ------------- Heat Dissipation 67 Energy Generation 34 Energy Capacity 390 Matter Stores 300 Matter Capacity 300 Sight Range 16 Terrain Scan Range 14 Terrain Scan Density 110 Jamming Range 14 Additional Mass Support 9 Base Temperature (-) 150 Armor Coverage 900 Resistance: KI 20 Resistance: EX 25 Propulsion Shielding 66 Phase Shifting 5 Evasion (%) 55 Targeting Accuracy 8 Melee Accuracy 5 Target Analysis 9 Item Schematics ----------------- None Robot Schematics ------------------ None Fabricated ------------ Imp. Cryofiber Web | x2 | -6/Factory | Preloaded L-41 Fighter | x3 | -6/Factory | Preloaded Repaired ---------- Cld. Ion Engine | 53% | -8/Materials Alien Tech Used ----------------- None Achievements -------------- 10k Club My Command Is Your Wish Total Silence Challenges ------------ None Game ------ Seed HellfireBattleWings Manual? 0 Play Time 03:53:20 Cumulative 15.6 hours Start 2025.10.09 @ 23:55:24 End 2025.10.16 @ 22:16:00 Sessions 3 Manual Loads 0 Difficulty Rogue Special Mode None Game No. 6 Rogue 4 Adventurer 2 Explorer 0 Win Type - Total 0 Types 0/0/0/0/0/0/0/0/0/0 Lore% 8 Gallery% 17 Achievement% 15 Wizard Run 0 Options --------- Layout 1 ASCII 0 Keyboard 0 Movement Mouse Keybinds 0 Fullscreen 1 Font 32/Terminus Map View 50x35 Zoom Use 0% Tactical HUD 1 Map Filters NONE Filters NONE Steam 1 RUN: 3c97263d-27cd-4872-ba30-8101644d8165